 Dungeon Crawl Stone Soup version 0.29.1-4-g47bece8355 (webtiles) character file.

Game seed: 5655374397965195411

50 venomsnake the Trooper (level 3, -4/49 HPs)
             Began as a Minotaur Berserker on Dec 10, 2022.
             Was a Believer of Trog.
             Slain by a goblin
             ... wielding a +0 dagger
             ... led by Robin
              (5 damage)
             ... on level 2 of the Dungeon.
             The game lasted 00:03:24 (1607 turns).

venomsnake the Trooper (Minotaur Berserker)         Turns: 1607, Time: 00:03:25

Health: -4/49      AC:  5    Str: 23    XL:     3   Next: 55%
Magic:  2/2        EV: 11    Int:  4    God:    Trog [**....]
Gold:   27         SH:  0    Dex:  9    Spells: 2/2 levels left

rFire   . . .      SeeInvis .   a - +0 hand axe
rCold   . . .      Faith    .   (no shield)
rNeg    . . .      Spirit   .   h - +0 ring mail
rPois   .          Reflect  .   (helmet restricted)
rElec   .          Harm     .   (no cloak)
rCorr   .          Rampage  .   (no gloves)
Will    .....                   (no boots)
Stlth   ..........              (no amulet)
HPRegen 0.16/turn               (no ring)
MPRegen 0.08/turn               (no ring)

@: berserking, very quick
A: horns 2, retaliatory headbutt
a: Renounce Religion, Berserk, Trog's Hand


You were on level 2 of the Dungeon.
You worshipped Trog.
Trog was pleased with you.
You visited 1 branch of the dungeon, and saw 2 of its levels.

You collected 27 gold pieces.

Inventory:

Hand Weapons
 a - a +0 hand axe (weapon)
Armour
 h - a +0 ring mail (worn)
Scrolls
 c - 3 scrolls of identify {unknown}
 g - a scroll of butterflies {unknown}
 i - a scroll of silence {unknown}
Potions
 b - a potion of ambrosia {unknown}
 d - 2 potions of heal wounds {unknown}
 e - 2 potions of flight {unknown}
 f - a potion of resistance {unknown}


   Skills:
 + Level 4.1 Fighting
 + Level 4.0 Axes
 + Level 3.1 Armour
 + Level 2.7 Dodging
 + Level 1.1 Evocations


You had 2 spell levels left.
You didn't know any spells.
Your spell library was empty.

Dungeon Overview and Level Annotations

Branches:
Dungeon (2/15)

Altars:

Annotations:
D:2 Robin


Innate Abilities, Weirdness & Mutations

You have a pair of horns on your head.
You reflexively headbutt those who attack you in melee.


Message History

You completely miss the goblin.
The goblin is moderately wounded.
You hit the goblin. You hit the hobgoblin. You closely miss Robin.
The hobgoblin hits you.
* * * LOW HITPOINT WARNING * * *
The goblin hits you but does no damage. The goblin hits you with a +0 club.
* * * LOW HITPOINT WARNING * * *
A red film seems to cover your vision as you go berserk!
You feel yourself moving faster!
You feel mighty! The hobgoblin barely misses you.
The goblin closely misses you. You furiously retaliate!
You headbutt the goblin. The goblin hits you but does no damage.
Robin hits you but does no damage.
You slice the goblin!!
You kill the goblin!
Trog accepts your kill.
You barely miss the hobgoblin. You hit Robin. You barely miss the goblin.
You closely miss the goblin. The goblin misses you.
The goblin hits you with a +0 dagger.
* * * LOW HITPOINT WARNING * * *
Robin hits you with a +0 whip.
* * * LOW HITPOINT WARNING * * *
The goblin hits you with a +0 dagger.
* * * LOW HITPOINT WARNING * * *
Items here: )) ††.
You barely miss the goblin. You slash the goblin!
You kill the goblin!
Trog accepts your kill.
You barely miss the hobgoblin. You slash Robin! You slash the goblin!
You kill the goblin!
Trog accepts your kill.
You can now call upon Trog for regeneration and willpower.
You closely miss the goblin. Robin hits you but does no damage.
The hobgoblin hits you.
* * * LOW HITPOINT WARNING * * *
The goblin closely misses you. You furiously retaliate!
You headbutt the goblin!
You kill the goblin!
Trog accepts your kill. The goblin hits you with a +0 dagger.
You die...

#... .. #..# .# #..##.#
#.....# .....# # #g#.#
#.##. #)).###.#.
#.....#########g@g......
..............)g).......
#.........#####...####..
#...####.# ##..# ##..#
#.# ##.# ..## #.# .# #
..# #.# .. #.#.# #.# ..#
#.#.###.#


You could see Robin, a hobgoblin (strong) and 2 goblins.

Vanquished Creatures
  3 adders (D:2)
  A worm (D:2)
  3 endoplasms (D:1)
  7 goblins (D:2)
  A hobgoblin (D:1)
  4 ball pythons
  A bat (D:2)
  A frilled lizard (D:1)
  2 kobolds (D:1)
  3 rats (D:1)
26 creatures vanquished.

Notes
Turn   | Place    | Note
-------+----------+-------------------------------------------
     0 | D:1      | venomsnake the Minotaur Berserker began the quest for the
                  | Orb.
     0 | D:1      | Reached XP level 1. HP: 19/19 MP: 0/0
   305 | D:1      | Reached XP level 2. HP: 20/27 MP: 1/1
  1308 | D:2      | Reached XP level 3. HP: 33/33 MP: 2/2
  1404 | D:2      | Reached skill level 1 in Evocations
  1595 | D:2      | Noticed Robin
  1607 | D:2      | Reached ** piety under Trog
  1607 | D:2      | HP: 1/49 [hobgoblin[Robin] (2)]
  1607 | D:2      | Slain by a goblin

Illustrated notes

Levels and vault maps discovered:
D:1:      minmay_arrival_jagged, layout_basic
D:2:      layout_loops_corners, chequers_garden, uniq_robin

Skill      XL: |  1  2  3 |
---------------+----------+-----
Fighting       | 4 |  4.1
Axes           | 4 |  4.0
Armour         | 3 |  3.1
Evocations     | 1 |  1.1
Dodging        | |  2.7

Action                   || total
-------------------------++-------
Melee: Hand axe          ||    45
       Headbutt          ||     5
Invok: Berserk           ||     1
 Stab: Sleeping          ||     1
Armor: Animal skin       ||     5
       Ring mail         ||     8
Dodge: Dodged            ||    28
